 Dungeon Crawl Stone Soup version 0.28-a0-565-g7719699fd9 (webtiles) character file.

Game seed: 16287792624577675413

375 Drevant2 the Spear-Bearer (level 6, -1/47 HPs)
             Began as a Merfolk Monk on Oct 1, 2021.
             Slain by a wyvern (11 damage)
             ... on level 5 of the Dungeon.
             The game lasted 00:10:46 (4809 turns).

Drevant2 the Spear-Bearer (Merfolk Monk)            Turns: 4809, Time: 00:10:47

Health: -1/47      AC:  6    Str: 11    XL:     6   Next: 73%
Magic:  6/6        EV: 13    Int: 10    God:
Gold:   91         SH:  0    Dex: 18    Spells: 5/5 levels left

rFire   . . .      SeeInvis .   a - +0 spear
rCold   . . .      Faith    .   (no shield)
rNeg    . . .      Spirit   .   p - +0 leather armour
rPois   .          Reflect  .   (no helmet)
rElec   .          Harm     .   (no cloak)
rCorr   .          Rampage  .   j - +1 pair of gloves
Will    +....                   E - +0 pair of boots
Stlth   ++........              (no amulet)
HPRegen 0.15/turn               q - ring of willpower
MPRegen 0.10/turn               (no ring)

@: mighty
A: (nimble swimmer 2), mertail
a: no special abilities


You were on level 5 of the Dungeon.
You visited 1 branch of the dungeon, and saw 5 of its levels.
You also visited: Sewer.

You collected 245 gold pieces.
You spent 154 gold pieces at shops.

Inventory:

Hand Weapons
 a - a +0 spear (weapon)
Armour
 b - a +0 robe
 j - a +1 pair of gloves (worn)
 l - a +0 ring mail
 p - a +0 leather armour (worn)
 E - a +0 pair of boots (worn)
Jewellery
 d - an amulet of magic regeneration
 q - a ring of willpower (left hand)
 F - a ring of wizardry
Wands
 k - a wand of mindburst (10)
Scrolls
 e - 2 scrolls of blinking {unknown}
 g - a scroll of enchant weapon {unknown}
 h - a scroll of amnesia {unknown}
 i - 3 scrolls of fear {unknown}
 m - 2 scrolls of vulnerability {unknown}
 n - 2 scrolls of identify {unknown}
 o - 2 scrolls of teleportation {unknown}
 r - 2 scrolls of fog {unknown}
 s - a scroll of brand weapon {unknown}
 t - a scroll of enchant armour {unknown}
 y - a scroll of magic mapping {unknown}
 A - a scroll of summoning {unknown}
 B - a scroll of holy word {unknown}
Potions
 c - 5 potions of curing
 f - a potion of berserk rage {unknown}
 u - a potion of haste {unknown}
 v - a potion of invisibility {unknown}
 w - 5 potions of flight
 x - 2 potions of resistance {unknown}
 C - a potion of heal wounds {unknown}
 D - a potion of lignification {unknown}


   Skills:
 - Level 3.2 Fighting
 + Level 10.5 Polearms
 - Level 4.0 Dodging
 - Level 2.1 Stealth


You had 5 spell levels left.
You didn't know any spells.
Your spell library contained the following spells:

 Spells                   Type           Power      Damage    Failure   Level
 Corpse Rot               Necr/Air       N/A        N/A       58%         2
 Poisonous Vapours        Pois/Air       0%         N/A       58%         2


Dungeon Overview and Level Annotations

Branches:
Dungeon (5/15)              Sewer (visited)
 Temple: D:4-7

Altars:
Gozag

Shops:
D:1 !   D:4 :


Innate Abilities, Weirdness & Mutations

((You are quick and stealthy near water. (Stealth+, EV+, Speed+++)))
Your lower body shifts to a powerful aquatic tail in water.


Message History

Aim: a wyvern (about 31% to evade your +0 spear)
You reach to attack!
You completely miss the wyvern.
Reach: a) +0 spear
Press: ? - help, Dir - move target, f/p - wyvern
Aim: a wyvern (about 31% to evade your +0 spear)
You hit the wyvern but do no damage. The wyvern bites you!
Reach: a) +0 spear
Press: ? - help, Dir - move target, f/p - wyvern
Aim: a wyvern (about 31% to evade your +0 spear)
You hit the wyvern but do no damage. The wyvern closely misses you.
Reach: a) +0 spear
Press: ? - help, Dir - move target, f/p - wyvern
Aim: a wyvern (about 31% to evade your +0 spear)
You hit the wyvern but do no damage. The wyvern bites you!
Reach: a) +0 spear
Press: ? - help, Dir - move target, f/p - wyvern
Aim: a wyvern (about 31% to evade your +0 spear)
Okay, then.
You feel very mighty all of a sudden. The wyvern closely misses you.
You puncture the wyvern!
The wyvern is moderately wounded.
The wyvern closely misses you.
You barely miss the wyvern.
The wyvern is moderately wounded.
The wyvern completely misses you.
You hit the wyvern.
The wyvern is heavily wounded.
The wyvern bites you.
You puncture the wyvern!
The wyvern is almost dead.
The wyvern bites you!
* * * LOW HITPOINT WARNING * * *
You closely miss the wyvern.
The wyvern is almost dead.
The wyvern completely misses you.
You hit the wyvern but do no damage.
The wyvern is almost dead.
The wyvern bites you!
You die...

.........#(............
.....>. ##............
....... ##.......n...
....... #...........
....... ##..........
....... ##......(..
.......## ##....>...
#l.## ##....... ##@.##
###..## ##.....##
##.......# ##......#..#
### ##.......##..#
###..##
##.........##..##.....##
#..........# #.........#
#..........####.........


You could see a wyvern.

Vanquished Creatures
  A black bear (D:4)
  A scorpion (D:5)
  A hound (D:4)
  A hound skeleton (D:5)
  3 gnolls (D:5)
  3 adders
  A white imp (D:4)
  An adder skeleton (D:4)
  5 worms (Sewer)
  A dart slug (D:2)
  3 orcs
  7 ball pythons
  10 endoplasms
  6 giant cockroaches
  11 goblins
  6 hobgoblins
  7 jackals
  4 kobolds
  6 quokkas
  10 bats
  5 frilled lizards
  4 rats
97 creatures vanquished.

Notes
Turn   | Place    | Note
-------+----------+-------------------------------------------
     0 | D:1      | Drevant2 the Merfolk Monk began the quest for the Orb.
     0 | D:1      | Reached XP level 1. HP: 18/18 MP: 1/1
   205 | D:1      | Reached skill level 5 in Polearms
   232 | D:1      | Reached XP level 2. HP: 22/24 MP: 2/2
   645 | D:1      | Found Adioblaempo's Distillery.
   796 | D:1      | Bought a potion of curing for 42 gold pieces
  1006 | D:2      | Reached skill level 6 in Polearms
  1006 | D:2      | Reached XP level 3. HP: 29/29 MP: 3/3
  2237 | D:4      | Reached XP level 4. HP: 32/35 MP: 4/4
  2298 | D:4      | Reached skill level 7 in Polearms
  2314 | D:4      | Found Sall's Book Boutique.
  2534 | D:4      | Found a glowing drain.
  2582 | Sewer    | Entered a sewer
  3207 | Sewer    | Reached skill level 8 in Polearms
  3254 | Sewer    | Reached XP level 5. HP: 41/41 MP: 5/5
  3586 | D:4      | Found an opulent altar of Gozag.
  3586 | D:4      | Noticed a black bear
  3677 | D:1      | Bought 2 potions of might for 112 gold pieces
  3806 | D:4      | Killed a black bear
  3807 | D:4      | Reached skill level 9 in Polearms
  4152 | D:4      | Reached XP level 6. HP: 47/47 MP: 6/6
  4317 | D:5      | Entered Level 5 of the Dungeon
  4318 | D:5      | Noticed a necrophage
  4406 | D:5      | Reached skill level 10 in Polearms
  4797 | D:5      | Noticed a wyvern
  4809 | D:5      | Slain by a wyvern

Illustrated notes

Levels and vault maps discovered:
D:1:      shiori_shiawase, layout_loops_ring, serial_shops, nicolae_shop_stone
D:2:      layout_loops_corners, grunt_ministairs_1
D:3:      layout_rooms
D:4:      corexii_shack_village, layout_loops_cross, kennysheep_little_box,
          serial_shops, nicolae_shop_waterfront, portal_sewer_entry_f,
          hangedman_abyss_or_decor_passed
D:5:      layout_cave_pods, serial_glass, glass_columns_c, glass_columns_a,
          glass_columns_a, glass_columns_c, glass_columns_a, glass_columns_a

Skill      XL: |  1  2  3  4  5  6 |
---------------+-------------------+-----
Polearms       | 5 6 8 9 10 | 10.5
Fighting       | |  3.2
Dodging        | |  4.0
Stealth        | |  2.1

Action                   |  1- 3 |  4- 6 || total
-------------------------+-------+-------++-------
Melee: Spear             |   130 |   285 ||   415
  Use: Potion            |       |     2 ||     2
 Stab: Sleeping          |    12 |    11 ||    23
Armor: Robe              |     4 |       ||     4
       Leather armour    |     4 |    31 ||    35
       Ring mail         |     1 |       ||     1
Dodge: Dodged            |    50 |   105 ||   155

Table legend: (Time is in decaauts)
 A = Elapsed time spent in this place.
 B = Non-inter-level travel time spent in this place.
 C = Inter-level travel time spent in this place.
 D = Time resting spent in this place.
 E = Time spent auto-exploring this place.
 F = Levels seen in this place.
 G = Mean time per level.
                   A        B        C        D        E       F      G
               +--------+--------+--------+--------+--------+-----+--------+
         Total |   4575 |   3978 |    597 |    618 |   2469 |   6 |  762.5 |
       Dungeon |   3872 |   3275 |    597 |    403 |   2264 |   5 |  774.4 |
         Sewer |    702 |    702 |      0 |    215 |    205 |   1 |  702.0 |
               +--------+--------+--------+--------+--------+-----+--------+

Top non-repeatable levels by time:
     D:4: 1135 daAuts
     D:1: 972 daAuts
     D:2: 905 daAuts
   Sewer: 702 daAuts
     D:3: 439 daAuts
     D:5: 420 daAuts
